 Dungeon Crawl Stone Soup version 0.31-a0-846-gb3bcc0d938 (webtiles) character file.

Game seed: 17045516624845127509

44 Nedwor the Cutter (level 3, -1/28 HPs)
             Began as a Demonspawn Gladiator on Oct 3, 2023.
             Slain by an ogre
             ... wielding a +0 giant club
              (11 damage)
             ... on level 2 of the Dungeon on Oct 4, 2023.
             The game lasted 00:01:57 (1160 turns).

Nedwor the Cutter (Demonspawn Gladiator)            Turns: 1160, Time: 00:01:58

Health: -1/28      AC:  5    Str: 14    XL:     3   Next: 41%
Magic:  3/3        EV: 11    Int:  9    God:
Gold:   75         SH:  0    Dex: 16    Spells: 2/2 levels left

rFire   . . .        a - +0 rapier
rCold   + . .        (no shield)
rNeg    . . .        r - +0 ring mail
rPois   .            (helmet restricted)
rElec   .            (no cloak)
rCorr   .            (no gloves)
SInv    .            (no boots)
Will    .....        (no amulet)
Stlth   +            o - ring of protection from cold
HPRegen 0.24/turn    (no ring)
MPRegen 0.08/turn

%: no passive effects
@: no status effects
A: horns 1, foul stench 1
a: no special abilities


You were on level 2 of the Dungeon.
You visited 1 branch of the dungeon, and saw 2 of its levels.

You collected 75 gold pieces.

Inventory:

Hand Weapons
 a - a +0 rapier (weapon)
Missiles
 d - 3 throwing nets (quivered)
 e - a javelin
Armour
 b - a +0 leather armour
 r - a +0 ring mail (worn)
Jewellery
 o - a ring of protection from cold (left hand)
Scrolls
 f - 2 scrolls of brand weapon {unknown}
 g - a scroll of teleportation {unknown}
 h - a scroll of fear {unknown}
 k - a scroll of amnesia {unknown}
 l - 2 scrolls of fog {unknown}
 m - 2 scrolls of enchant weapon {unknown}
 p - a scroll of identify {unknown}
Potions
 c - a potion of might {unknown}
 i - 3 potions of heal wounds {unknown}
 j - a potion of haste {unknown}
 n - a potion of attraction {unknown}
 q - a potion of curing {unknown}


   Skills:
 + Level 2.5 Fighting
 * Level 3.4 Short Blades
 - Level 1.7 Throwing
 + Level 3.0 Dodging


You had 2 spell levels left.
You didn't know any spells.
Your spell library contained the following spells:

 Spells                   Type           Power      Damage    Failure   Level
 Freeze                   Ice            0%         1d3       63%         1
 Frozen Ramparts          Ice            0%         1d1       94%         3
 Hailstorm                Conj/Ice       0%         3d3       94%         3


Dungeon Overview and Level Annotations

Branches:
Dungeon (2/15)

Altars:

Shops:
D:1 [==


Innate Abilities, Weirdness & Mutations

You have a pair of small horns on your head.
You may rarely emit foul miasma when damaged in melee.


Message History

The endoplasm freezes you.
You are frozen.
You hit the endoplasm but do no damage.
You headbutt the endoplasm, but do no damage.
The endoplasm is severely wounded.
The endoplasm closely misses you.
You hit the endoplasm.
You kill the endoplasm!
No target in view!
No target in view!
No target in view!
You see here a +0 ring mail.
r - a +0 ring mail
o - a ring of protection from cold (left hand)
You start removing your armour.
You continue taking off your +0 leather armour. x4
You finish taking off your +0 leather armour.
You start putting on your armour.
You continue putting on your +0 ring mail. x5
You finish putting on your +0 ring mail.
You drop a +0 helmet.
c - a metallic emerald potion
Found a chain mail.
An ogre comes into view. It is wielding a +0 giant club.
The ogre shouts!
The ogre moves out of view.
An ogre is nearby!
You hit the ogre but do no damage. You headbutt the ogre.
The ogre is lightly wounded.
The ogre hits you with a +0 giant club!!
Ouch! That really hurt!
You are too injured to fight recklessly!
You are too injured to fight recklessly!
You are too injured to fight recklessly!
You are too injured to fight recklessly!
Unknown command.
You hit the ogre.
The ogre is lightly wounded.
The ogre hits you with a +0 giant club!
You die...

####### #.....# #.....#
#.....# #.....# ####
#######...[.####
...######...............
.#.#.........###@...###
.#....##.###.# #O...#
.###..##.###.# #....#
...>....[..#.# #....#
.......#.#...# #....#
#........#.### ######
#.#........# ###
..##.#...#.### #.###
####.........###...#


You could see an ogre.

Vanquished Creatures
  2 dart slugs (D:1)
  7 ball pythons
  4 endoplasms
  5 giant cockroaches
  5 hobgoblins
  3 kobolds
  2 quokkas (D:1)
  4 bats (D:1)
  2 rats
34 creatures vanquished.

Notes
Turn   | Place    | Note
-------+----------+-------------------------------------------
     0 | D:1      | Nedwor the Demonspawn Gladiator began the quest for the
                  | Orb.
     0 | D:1      | Reached XP level 1. HP: 16/16 MP: 1/1
    49 | D:1      | Found Nicse's Jewellery Emporium.
   174 | D:1      | Found Gezxued's Jewellery Boutique.
   210 | D:1      | Gained mutation: You have a pair of small horns on your
                  | head. [demonic ancestry]
   210 | D:1      | Reached XP level 2. HP: 17/22 MP: 2/2
   291 | D:1      | Found Hiumid's Antique Armour Shoppe.
   341 | D:1      | Upgraded the game from 0.31-a0-845-g9abc20d24f to
                  | 0.31-a0-846-gb3bcc0d938
   827 | D:2      | Gained mutation: You may rarely emit foul miasma when
                  | damaged in melee. [demonic ancestry]
   827 | D:2      | Reached XP level 3. HP: 28/28 MP: 3/3
  1156 | D:2      | Noticed an ogre
  1160 | D:2      | Slain by an ogre

Illustrated notes

Levels and vault maps discovered:
D:1:      dpeg_arrival_leaves_temple_mockup, layout_loops_ring, serial_shops,
          shop, shop, nicolae_shop_stone
D:2:      layout_basic, roderic_nine_men_s_morris, uniq_crazy_yiuf_cottage

Skill      XL: |  1  2 |
---------------+-------+-----
Short Blades   | 3 |  3.4
Dodging        | 3 |  3.0
Fighting       | |  2.5
Throwing       | |  1.7

Action                     || total
---------------------------++-------
  Melee: Rapier            ||    93
         Headbutt          ||    10
         Punch             ||     1
   Stab: Sleeping          ||     1
 Armour: Leather armour    ||    47
         Ring mail         ||     2
  Dodge: Dodged            ||    63

Table legend: (Time is in decaauts)
 A = Elapsed time spent in this place.
 B = Non-inter-level travel time spent in this place.
 C = Inter-level travel time spent in this place.
 D = Time resting spent in this place.
 E = Time spent auto-exploring this place.
 F = Levels seen in this place.
 G = Mean time per level.
                   A        B        C        D        E       F      G
               +--------+--------+--------+--------+--------+-----+--------+
         Total |   1163 |   1112 |     51 |      0 |    880 |   2 |  581.5 |
       Dungeon |   1163 |   1112 |     51 |      0 |    880 |   2 |  581.5 |
               +--------+--------+--------+--------+--------+-----+--------+

Top non-repeatable levels by time:
     D:1: 824 daAuts
     D:2: 339 daAuts
